 Dungeon Crawl Stone Soup version 0.23.0-33-g5e6c059 (webtiles) character file.

Game seed: 13411791697382645557

60089 pjoxt the Fighter (level 14, -12/82 HPs)
             Began as a Gargoyle Fighter on Feb 26, 2019.
             Was the Champion of Nemelex Xobeh.
             Killed from afar by Jorgrun (63 damage)
             ... with an iron shot
             ... on level 14 of the Dungeon.
             The game lasted 01:29:37 (21205 turns).

pjoxt the Fighter (Gargoyle Fighter)               Turns: 21205, Time: 01:29:38

Health: -12/82     AC: 26    Str: 23    XL:     14   Next: 97%
Magic:  20/20      EV: 16    Int: 11    God:    Nemelex Xobeh [******]
Gold:   644        SH:  0    Dex: 13    Spells: 13/13 levels left

rFire    . . .     SeeInvis .   X - +7 lajatang (elec)
rCold    . . .     Gourm    .   (shield currently unavailable)
rNeg     + . .     Faith    .   i - +0 troll leather armour
rPois    ∞         Spirit   .   (no helmet)
rElec    +         Reflect  .   L - +0 cloak
rCorr    .         Harm     .   C - +1 pair of gloves
MR       +....                  a - +0 pair of boots
Stlth    +.........             I - amulet of regeneration
HPRegen  1.03/turn              T - +4 ring of protection
MPRegen  0.17/turn              J - +4 ring of strength

@: flying
A: big wings, frail 1, negative energy resistance 1, electricity resistance,
unbreathing, petrification resistance, rot immunity, AC +10
a: Stop Flying, Draw Escape, Draw Destruction, Draw Summoning, Triple Draw, Deal
Four, Stack Five, Renounce Religion


You were on level 14 of the Dungeon.
You worshipped Nemelex Xobeh.
Nemelex Xobeh was exalted by your worship.
You were hungry.

You visited 4 branches of the dungeon, and saw 22 of its levels.

You collected 1913 gold pieces.
You spent 1269 gold pieces at shops.

Inventory:

Hand Weapons
 b - a +5 eveningstar
 X - a +7 lajatang of electrocution (weapon)
Armour
 a - a +0 pair of boots (worn)
 e - a +1 plate armour of fire resistance
 i - a +0 troll leather armour (worn)
 C - a +1 pair of gloves (worn)
 L - a +0 cloak (worn)
Magical Staves
 r - an uncursed staff of fire
 O - an uncursed staff of cold
Jewellery
 o - an uncursed ring of protection from fire
 I - an amulet of regeneration (around neck)
 J - a +4 ring of strength (right hand)
 T - a +4 ring of protection (left hand)
 V - an uncursed ring of see invisible
 W - a cursed +4 ring of strength
Wands
 l - a wand of polymorph (17)
 t - a wand of digging (2)
 w - a wand of flame (12)
 G - a wand of random effects (63)
 M - a wand of acid (16)
 N - a wand of iceblast (6)
 P - a wand of paralysis (17)
 Q - a wand of clouds (5)
Scrolls
 c - a scroll of brand weapon
 j - 8 scrolls of teleportation
 n - 3 scrolls of summoning
 q - 2 scrolls of amnesia
 u - 4 scrolls of magic mapping
 x - 6 scrolls of blinking
 y - 9 scrolls of remove curse
 D - 4 scrolls of immolation
 K - 2 scrolls of fog
 R - a scroll of torment
 U - 3 scrolls of enchant armour
 Y - 4 scrolls of fear
 Z - a scroll of silence {unknown}
Potions
 d - 2 potions of might
 g - 7 potions of heal wounds
 h - 4 potions of ambrosia
 k - 16 potions of curing
 m - a potion of mutation
 p - 4 potions of haste
 s - 3 potions of agility
 v - 4 potions of brilliance
 z - 2 potions of invisibility
 A - 2 potions of berserk rage {unknown}
 F - a potion of cancellation {unknown}
 H - 2 potions of resistance
 S - a potion of magic {unknown}
Miscellaneous
 B - 2 phantom mirrors
 E - a lamp of fire (inert)
Comestibles
 f - 27 rations


   Skills:
 + Level 12.4 Fighting
 - Level 8.9(11.4) Maces & Flails
 * Level 11.7(12.7) Staves
 * Level 11.6 Armour
 - Level 7.5 Dodging
   Level 5.1 Shields
 - Level 9.3 Invocations
 - Level 8.4 Evocations


You had 13 spell levels left.
You didn't know any spells.
Your spell library contained the following spells:

 Spells                   Type           Power        Failure   Level  Hunger
 Animate Skeleton         Necr           N/A          36%         1    ##.....
 Apportation              Tloc           #.....       36%         1    ##.....
 Confusing Touch          Hex            #.....       36%         1    ##.....
 Summon Small Mammal      Summ           #...         36%         1    ##.....
 Confuse                  Hex            #.......     75%         3    ####...
 Gell's Gravitas          Tloc           #.........   75%         3    ####...
 Cause Fear               Hex            #.........   98%         4    #####..
 Petrify                  Tmut/Erth      #.......     98%         4    #####..
 Metabolic Englaciation   Hex/Ice        #.........   100%        5    ######.
 Silence                  Hex/Air        #.........   100%        5    ######.
 Yara's Violent Unravell  Hex/Tmut       #.........   100%        5    ######.
 Deflect Missiles         Chrm/Air       #.........   100%        6    #######
 Poison Arrow             Conj/Pois      #.........   100%        6    #######
 Chain Lightning          Conj/Air       #.........   100%        8    #######
 Discord                  Hex            #.........   100%        8    #######
 Lehudib's Crystal Spear  Conj/Erth      #.........   100%        8    #######
 Fire Storm               Conj/Fire      #.........   100%        9    #######
 Glaciate                 Conj/Ice       #.........   100%        9    #######


Dungeon Overview and Level Annotations

Branches:
Dungeon (14/15)            Temple (0/1) D:5            Lair (5/6) D:10
  Swamp (0/4) Lair:3        Snake (0/4) Lair:3        Slime (0/5) Lair:5
    Orc (2/2) D:10            Elf (1/3) Orc:2        Vaults (0/5) D:13

Altars:
Dithmenos
Kikubaaqudgha
Nemelex Xobeh
Okawaru
Sif Muna
Zin

Shops:
D:9 =[[   D:12 %}[=   Orc:1 =   Orc:2 **?*?   Elf:1 %=%(

Annotations:
D:12 3 runed translucent doors
D:14 Jorgrun
Lair:5 exclusion: oklob plant


Innate Abilities, Weirdness & Mutations

You are resistant to torment.
Your stone body is resilient. (AC +10)
You are immune to poison.
Your large and strong wings let you fly indefinitely.
You resist negative energy. (rN+)
You are resistant to electric shocks. (rElec)
You can survive without breathing.
You are immune to petrification.
You are immune to rotting.
You are frail. (-10% HP)


Message History

Evoke which item? (* to show all) (? for menu, Esc to quit)
Aiming: Iceblast
Press: ? - help, Shift-Dir - straight line, f - Jorgrun
Aim: Jorgrun, wielding a +0 quarterstaff of crushing and wearing a +2 robe of positive energy The mass of ice explodes!
The iceblast engulfs Jorgrun!
Jorgrun is lightly wounded.
You feel a bit more experienced.
Press: ? - help, v - describe, . - travel
Here: Jorgrun, wielding a +0 quarterstaff of crushing and wearing a +2 robe of positive energy (lightly wounded)
The floor.
Jorgrun is nearby!
Press: ? - help, v - describe, . - travel The floor.
The centaur shoots an arrow.
The arrow hits you but does no damage.
Jorgrun mutters some incantations to himself.
Jorgrun points at you and mumbles some strange words.
The iron shot hits you!!!
Ouch! That really hurt!
You die...
Your body glows with a rainbow of weird colours and disappears.

########....#..# #..
#..........##..# #....+
#..........+...# +....#
#..........#...# #....#
#..........#...+
#....#+##.........[###.#
#...........###'####.# +
#...........#.........
#..#....@......#.........
+.g((........###..###..
......[####....#####..###..
>...... #....# #........
...cc.. #....# #........
....... #....#####'######
+##.... ##...............
#.... #...............
#.... #...............


You could see Jorgrun and a centaur.

Vanquished Creatures
  A fire giant (D:13)
  An ironheart preserver (D:13)
  Josephine (D:12)
  A yaktaur captain (D:13)
  Harold (D:10)
  The ghost of Lanoc the Impaler, a journeyman MfBe of Trog (D:13)
  2 hydras
  2 centaur warriors (D:13)
  2 two-headed ogres
  2 dancing weapons (Elf:1)
  3 death yaks (Lair:2)
  3 deep elf knights
  A deep elf archer (Elf:1)
  An orc knight (Orc:1)
  A wolf spider zombie (D:14)
  23 deep elf magi
  2 orc sorcerers
  5 ugly things
  2 cyclopes
  A gargoyle (D:13)
  4 spiny frogs
  A rime drake (Lair:4)
  2 komodo dragons
  A queen bee (D:13)
  5 trolls
  The ghost of bmj180 the Conjurer, a novice DECj (D:7)
  A meliai (D:13)
  2 hornets (D:13)
  6 hippogriffs
  Sigmund (D:6)
  A shadow (D:13)
  5 wraiths
  An air elemental (Elf:1)
  3 wyverns
  2 water elementals (Elf:1)
  2 steam dragons
  A basilisk (D:13)
  7 yaks
  Grum (D:8)
  A hungry ghost (D:10)
  7 vampire mosquitoes
  A fire elemental (Elf:1)
  A soldier ant (D:13)
  8 water moccasins
  6 porcupines
  3 sky beasts
  7 ice beasts
  20 orc warriors
  2 slaves (D:6)
  A black bear (D:10)
  A necrophage (D:10)
  12 ogres
  3 phantoms
  A wolf (D:8)
  An eye of draining (D:11)
  13 centaurs
  A big kobold (D:10)
  8 crocodiles
  Blork the orc (D:6)
  13 bullfrogs
  A gnoll sergeant (D:10)
  A wyvern zombie (D:12)
  A wyvern skeleton (D:13)
  21 killer bees
  4 scorpions
  6 wights
  A howler monkey (D:8)
  An electric eel (Lair:3)
  5 centaur zombies
  A lava snake (D:11)
  4 quasits
  A bullfrog zombie (D:6)
  4 jellies
  6 crimson imps
  6 hounds
  24 orc priests
  2 iguanas
  19 orc wizards
  6 bullfrog skeletons
  3 centaur skeletons
  9 worker ants
  A hound skeleton (D:4)
  7 gnolls
  2 worker ant zombies
  17 adders
  A river rat (D:6)
  2 shadow imps
  2 ufetubi (D:6)
  2 oozes (D:1)
  2 worms
  8 leopard geckos
  73 orcs
  8 giant cockroaches
  13 goblins
  8 hobgoblins
  7 jackals
  6 quokkas
  A ball python (D:1)
  6 bats
  6 frilled lizards
  11 kobolds
  2 leopard gecko skeletons
  A quokka skeleton (D:7)
  4 rats
  3 fungi (Lair:2)
533 creatures vanquished.

Vanquished Creatures (collateral kills)
  An orc warlord (Orc:1)
  A stone giant (D:13)
  A hydra (Lair:4)
  Sonja (Lair:4)
  Pikel (D:6)
  A deep elf mage (Elf:1)
  An orc sorcerer (Orc:2)
  Joseph (D:7)
  A centaur skeleton (D:13)
  A troll (Orc:2)
  Grinder (D:6)
  A steam dragon (D:9)
  5 orc warriors
  2 slaves (D:6)
  2 wolves (D:7)
  A crimson imp (D:6)
  A centaur zombie (D:7)
  2 bullfrog skeletons
  7 orc wizards
  4 orc priests
  9 orcs
45 creatures vanquished.

Vanquished Creatures (others)
  An orc high priest (Orc:2)
  Urug (Orc:1)
  A deep elf knight (Elf:1)
  2 orc sorcerers (Orc:2)
  A deep elf mage (Elf:1)
  A black mamba (D:9)
  A troll (Orc:1)
  5 orc warriors
  An ogre (D:7)
  3 orc priests
  9 orc wizards
  A worker ant (D:7)
  An adder (D:7)
  3 ball lightnings
  7 orcs
  A fungus (Lair:5)
39 creatures vanquished.

Grand Total: 617 creatures vanquished

Notes
Turn   | Place    | Note
-------+----------+-------------------------------------------
     0 | D:1      | pjoxt the Gargoyle Fighter began the quest for the Orb.
     0 | D:1      | Reached XP level 1. HP: 14/14 MP: 1/1
    47 | D:1      | Reached XP level 2. HP: 19/19 MP: 2/2
   291 | D:1      | Reached XP level 3. HP: 16/23 MP: 3/3
   354 | D:1      | Found a sparkling altar of Nemelex Xobeh.
   533 | D:1      | Became a worshipper of Nemelex Xobeh the Trickster
   608 | D:2      | Received a gift from Nemelex Xobeh
   892 | D:2      | Reached XP level 4. HP: 16/28 MP: 4/4
  1277 | D:3      | Reached * piety under Nemelex Xobeh
  1366 | D:3      | Reached skill level 1 in Staves
  1366 | D:3      | Reached skill level 1 in Invocations
  1366 | D:3      | Reached XP level 5. HP: 19/33 MP: 4/6
  1672 | D:3      | Received a gift from Nemelex Xobeh
  1964 | D:3      | Reached skill level 4 in Fighting
  2208 | D:3      | Found a deep blue altar of Sif Muna.
  2532 | D:4      | Reached XP level 6. HP: 38/38 MP: 7/7
  2632 | D:4      | Received a gift from Nemelex Xobeh
  2646 | D:4      | Noticed Dowan
  2647 | D:4      | Noticed Duvessa
  2658 | D:4      | Noticed Duvessa
  2658 | D:4      | Duvessa changed into Duvessa the jelly
  2658 | D:4      | Noticed Dowan
  2658 | D:4      | Dowan changed into Dowan the jelly
  2662 | D:4      | Identified the +0 quarterstaff of Animal Spirits {crush,
                  | *Corrode rPois rN+}
  2669 | D:4      | Killed Duvessa the jelly
  2669 | D:4      | Killed Dowan the jelly
  2669 | D:4      | Reached skill level 1 in Evocations
  2676 | D:4      | Reached XP level 7. HP: 14/44 MP: 8/8
  3069 | D:4      | Reached ** piety under Nemelex Xobeh
  3251 | D:4      | Received a gift from Nemelex Xobeh
  3330 | D:5      | Entered Level 5 of the Dungeon
  3438 | D:5      | Reached skill level 1 in Dodging
  3445 | D:5      | Reached skill level 5 in Fighting
  3445 | D:5      | Reached XP level 8. HP: 23/49 MP: 10/10
  3515 | D:5      | Noticed Eustachio
  3565 | D:5      | Noticed Eustachio
  3565 | D:5      | Eustachio changed into Eustachio the worker ant
  3569 | D:5      | Killed Eustachio the worker ant
  3703 | D:5      | Found an ancient bone altar of Kikubaaqudgha.
  3835 | D:5      | Found a staircase to the Ecumenical Temple.
  4048 | D:5      | Found a glowing silver altar of Zin.
  4083 | D:6      | Reached skill level 5 in Armour
  4099 | D:6      | Reached skill level 5 in Staves
  4403 | D:6      | Noticed Sigmund
  4445 | D:6      | Killed Sigmund
  4683 | D:6      | Reached *** piety under Nemelex Xobeh
  4811 | D:6      | Received a gift from Nemelex Xobeh
  4840 | D:6      | Reached XP level 9. HP: 49/55 MP: 12/12
  4922 | D:6      | Noticed Pikel
  4941 | D:6      | Killed Pikel
  4941 | D:6      | Reached skill level 6 in Fighting
  5202 | D:6      | Noticed Grinder
  5209 | D:6      | Noticed Blork the orc
  5211 | D:6      | Paralysed by Grinder for 7 turns
  5234 | D:6      | Killed Grinder
  5234 | D:6      | Reached skill level 5 in Invocations
  5235 | D:6      | Killed Blork the orc
  5783 | D:7      | Noticed a troll
  5783 | D:7      | a spriggan baker changed into a troll
  5784 | D:7      | a troll changed into a wyvern
  5978 | D:7      | Noticed Joseph
  6395 | D:7      | Noticed a hellwing
  6410 | D:7      | Killed Joseph
  6410 | D:7      | Reached XP level 10. HP: 48/61 MP: 14/14
  6539 | D:7      | Received a gift from Nemelex Xobeh
  6713 | D:7      | Found a runed translucent door.
  6714 | D:7      | Noticed bmj180's ghost (novice DECj)
  6725 | D:7      | Killed bmj180's ghost
  6725 | D:7      | Reached skill level 7 in Fighting
  6772 | D:7      | Found an iron altar of Okawaru.
  7510 | D:8      | Received a gift from Nemelex Xobeh
  7511 | D:8      | Noticed Grum
  7999 | D:8      | Killed Grum
  8141 | D:8      | Found a shadowy altar of Dithmenos.
  8779 | D:9      | Found Isunuoc's Jewellery Boutique.
  8866 | D:9      | Noticed a black mamba
  8866 | D:9      | a troll changed into a black mamba
  8873 | D:9      | Killed a black mamba
  9063 | D:9      | Found Jomalag's Antique Armour Shoppe.
  9117 | D:9      | Reached **** piety under Nemelex Xobeh
  9203 | D:10     | Entered Level 10 of the Dungeon
  9208 | D:9      | Reached skill level 8 in Fighting
  9306 | D:9      | Found Dasirhod's Armour Emporium.
  9800 | D:10     | Noticed Harold
  9801 | D:10     | Paralysed by Harold for 3 turns
  9829 | D:10     | Killed Harold
  9829 | D:10     | Reached XP level 11. HP: 40/69 MP: 16/16
 10079 | D:10     | Received a gift from Nemelex Xobeh
 10207 | D:10     | Reached skill level 5 in Evocations
 10286 | D:10     | Found a staircase to the Lair.
 10574 | D:9      | Bought an uncursed amulet of regeneration for 360 gold
                  | pieces
 10719 | D:10     | Found a staircase to the Orcish Mines.
 10851 | Orc:1    | Entered Level 1 of the Orcish Mines
 10851 | Orc:1    | Received a gift from Nemelex Xobeh
 10851 | Orc:1    | Noticed Urug
 10858 | Orc:1    | Identified the +0 hand axe of the Ancients {antimagic, rN++
                  | Dex+7}
 10892 | Orc:1    | Gained mutation: You are frail. (-10% HP) [a neqoxec]
 10900 | Orc:1    | Reached skill level 9 in Fighting
 10919 | Orc:1    | Noticed a cyclops
 10922 | Orc:1    | Killed Urug
 10929 | Orc:1    | Killed a cyclops
 11198 | Orc:1    | Received a gift from Nemelex Xobeh
 11315 | Orc:2    | Entered Level 2 of the Orcish Mines
 11315 | Orc:2    | Found Gynipuli's Magic Scroll Boutique.
 11323 | Orc:2    | Noticed an orc knight
 11356 | Orc:1    | Killed an orc knight
 11426 | Orc:2    | Noticed an orc warlord
 11439 | Orc:1    | Reached skill level 5 in Maces & Flails
 11559 | Orc:1    | Killed an orc warlord
 11605 | Lair:1   | Entered Level 1 of the Lair of Beasts
 11655 | Lair:1   | Got a smoking quarterstaff
 11663 | Lair:1   | Identified the cursed +1 quarterstaff "Spiderbane" {elec,
                  | +Blink rC++ rN+ Int-5} (You found it on level 1 of the Lair
                  | of Beasts)
 11733 | Lair:1   | Reached ***** piety under Nemelex Xobeh
 11821 | Lair:1   | Received a gift from Nemelex Xobeh
 12330 | Lair:2   | Reached XP level 12. HP: 56/68 MP: 18/18
 12357 | Lair:2   | Received a gift from Nemelex Xobeh
 12521 | Lair:2   | Noticed a death yak
 12522 | Lair:2   | Noticed a death yak
 12523 | Lair:2   | Noticed a death yak
 12561 | Lair:2   | Killed a death yak
 12583 | Lair:2   | Noticed a four-headed hydra
 12596 | Lair:2   | Killed a death yak
 12687 | Lair:2   | Killed a death yak
 12926 | Lair:2   | Received a gift from Nemelex Xobeh
 13158 | Lair:3   | Found a staircase to the Swamp.
 13328 | Lair:3   | Received a gift from Nemelex Xobeh
 13666 | Lair:3   | Found a staircase to the Snake Pit.
 13737 | Lair:3   | Received a gift from Nemelex Xobeh
 13896 | Lair:3   | Reached skill level 10 in Fighting
 14247 | Lair:4   | Received a gift from Nemelex Xobeh
 14306 | Lair:4   | Reached skill level 5 in Dodging
 14460 | Lair:4   | Noticed Sonja
 14491 | Lair:4   | Killed a four-headed hydra
 14725 | Lair:5   | Received a gift from Nemelex Xobeh
 14755 | Lair:5   | Noticed a five-headed hydra
 14807 | Lair:4   | Killed a five-headed hydra
 14807 | Lair:4   | Reached skill level 10 in Armour
 14813 | Lair:4   | Killed Sonja
 15009 | Lair:5   | Found a staircase to the Slime Pits.
 15030 | Lair:5   | Reached ****** piety under Nemelex Xobeh
 15068 | Lair:5   | Received a gift from Nemelex Xobeh
 15684 | Orc:2    | Bought a scroll of fog for 34 gold pieces
 15724 | Orc:1    | Found Dekh's Jewellery Shoppe.
 15727 | Orc:1    | Reached XP level 13. HP: 74/74 MP: 19/19
 15765 | Orc:1    | Bought a cursed -2 ring of evasion for 28 gold pieces
 15820 | Orc:1    | Noticed Erolcha
 15824 | Orc:1    | Received a gift from Nemelex Xobeh
 15830 | Orc:1    | Noticed Erolcha
 15830 | Orc:1    | Erolcha changed into Erolcha the ice beast
 15837 | Orc:1    | Killed Erolcha the ice beast
 15965 | Orc:2    | Found a staircase to the Elven Halls.
 15994 | Orc:2    | Reached skill level 11 in Fighting
 16176 | Orc:2    | Paralysed by an orc sorcerer for 4 turns
 16434 | Orc:2    | Found Cetuoteq's General Store.
 16434 | Orc:2    | Found Soyrr's Magic Scroll Boutique.
 16437 | Orc:2    | Found Pigychiu's General Store.
 16439 | Orc:2    | Found Feduuhah's General Store.
 16441 | Orc:2    | Bought a scroll of fear for 45 gold pieces
 16442 | Orc:2    | Bought a scroll of immolation for 59 gold pieces
 16442 | Orc:2    | Bought a scroll of torment for 127 gold pieces
 16443 | Orc:2    | Bought a scroll of identify for 36 gold pieces
 16443 | Orc:2    | Bought a scroll of blinking for 135 gold pieces
 16506 | Orc:2    | Bought a scroll of identify for 22 gold pieces
 16788 | Elf:1    | Entered Level 1 of the Elven Halls
 16874 | Elf:1    | Received a gift from Nemelex Xobeh
 17195 | Elf:1    | Found Qegrad's Weapon Shoppe.
 17195 | Elf:1    | Found Jasuriun's Food Emporium.
 17197 | Elf:1    | Found Gus Nac's Food Shoppe.
 17198 | Elf:1    | Found Xonuwnon's Jewellery Emporium.
 17239 | Elf:1    | Bought a +0 lajatang for 165 gold pieces
 17277 | Elf:1    | Reached skill level 5 in Shields
 17521 | Elf:1    | Gained mutation: Your large and strong wings let you fly
                  | indefinitely. [Gargoyle growth]
 17521 | Elf:1    | Reached XP level 14. HP: 60/81 MP: 20/20
 17708 | Orc:2    | Reached skill level 10 in Staves
 17888 | Orc:2    | Bought a scroll of enchant weapon for 97 gold pieces
 17889 | Orc:2    | Bought a scroll of enchant weapon for 127 gold pieces
 17889 | Orc:2    | Bought a scroll of identify for 34 gold pieces
 18707 | D:12     | Noticed Josephine
 18720 | D:12     | Killed Josephine
 18730 | D:12     | Found a runed translucent gate.
 18730 | D:12     | Found a runed translucent gate.
 18730 | D:12     | Noticed a cyan very ugly thing
 18730 | D:12     | Noticed a red very ugly thing
 18731 | D:12     | Found a runed translucent gate.
 18834 | D:12     | Found Kenlunagask's Food Shop.
 18982 | D:12     | Found Liedo's Armour Boutique.
 18991 | D:12     | Found Ynuawn's Gadget Shoppe.
 19044 | D:12     | Found Dock's Jewellery Boutique.
 19583 | D:13     | Found a transporter.
 19587 | D:13     | Found a transporter.
 19587 | D:13     | Noticed Lanoc's ghost (journeyman MfBe)
 19669 | D:13     | Reached skill level 12 in Fighting
 19794 | D:13     | Found a runed translucent door.
 19795 | D:13     | Noticed a stone giant
 19835 | D:13     | Killed a stone giant
 19895 | D:13     | Noticed a fire giant
 19930 | D:13     | Killed a fire giant
 20368 | D:13     | Killed Lanoc's ghost
 20504 | D:13     | Found a gate to the Vaults.
 20504 | D:13     | Noticed an ironheart preserver
 20678 | D:13     | Killed an ironheart preserver
 21150 | D:14     | Received a gift from Nemelex Xobeh
 21199 | D:14     | Noticed Jorgrun
 21205 | D:14     | Killed from afar by Jorgrun

Skill      XL: |  1  2  3  4  5  6  7  8  9 10 11 12 13 14 |
---------------+-------------------------------------------+-----
Maces & Flails | 3 6 7 8 |  8.9
Staves         | 1 2 3 4 6 7 8 9 11 | 11.7
Invocations    | 1 2 3 4 5 7 8 9 |  9.3
Fighting       | 4 5 6 8 9 10 11 12 | 12.4
Armour         | 4 5 6 8 10 11 | 11.6
Evocations     | 1 2 4 5 6 7 8 |  8.4
Dodging        | 1 2 3 4 5 6 7 |  7.5
Shields        | 4 5 |  5.1

Action                   |  1- 3 |  4- 6 |  7- 9 | 10-12 | 13-15 || total
-------------------------+-------+-------+-------+-------+-------++-------
Melee: Flail             |   130 |       |       |       |       ||   130
       Quarterstaff      |       |   165 |   397 |   586 |       ||  1148
       Eveningstar       |       |       |       |   211 |   184 ||   395
       Lajatang          |       |       |       |       |   454 ||   454
Invok: Triple Draw       |       |       |       |       |     2 ||     2
       Deal Four         |       |       |       |       |     1 ||     1
 Abil: Draw Destruction  |       |     3 |     9 |    35 |    14 ||    61
       Draw Summoning    |       |     1 |     4 |     9 |     6 ||    20
       Draw Escape       |       |       |     1 |     4 |     3 ||     8
       Fly               |       |       |       |       |     1 ||     1
Evoke: Wand              |       |       |    14 |    23 |     9 ||    46
       Lamp of fire      |       |       |       |       |     1 ||     1
       Sack of spiders   |       |       |       |       |     1 ||     1
  Use: Scroll            |       |       |       |    14 |    20 ||    34
       Potion            |       |       |       |       |     2 ||     2
 Stab: Petrified         |       |       |       |     2 |       ||     2
       Sleeping          |       |       |       |     1 |       ||     1
       Distracted        |       |       |       |       |     2 ||     2
  Eat: Chunk             |       |     6 |    12 |    25 |    14 ||    57
       Ration            |       |       |       |     3 |     1 ||     4
Armor: Scale mail        |    76 |    92 |   322 |   132 |       ||   622
       Troll leather arm |       |       |       |   347 |   366 ||   713
       Plate armour      |       |       |       |       |     3 ||     3
Dodge: Dodged            |    54 |    88 |   229 |   605 |   423 ||  1399
Block: Shield            |    18 |       |       |   152 |    86 ||   256
       Buckler           |    16 |       |       |       |       ||    16
